 Dungeon Crawl Stone Soup version 0.28-a0-1567-g1695149f81 (webtiles) character file.

Game seed: 4959252766974214456

7 Pin the Chopper (level 2, 0/26 HPs)
             Began as a Hill Orc Monk on Jan 20, 2022.
             Slain by a quokka (1 damage)
             ... on level 2 of the Dungeon.
             The game lasted 00:00:28 (228 turns).

Pin the Chopper (Hill Orc Monk)                      Turns: 228, Time: 00:00:29

Health: 0/26       AC:  2    Str: 13    XL:     2   Next: 4%
Magic:  2/2        EV: 12    Int: 10    God:
Gold:   0          SH:  0    Dex: 13    Spells: 1/1 levels left

rFire   . . .      SeeInvis .   a - +0 hand axe
rCold   . . .      Faith    .   (no shield)
rNeg    . . .      Spirit   .   b - +0 robe
rPois   .          Reflect  .   (no helmet)
rElec   .          Harm     .   (no cloak)
rCorr   .          Rampage  .   (no gloves)
Will    .....                   (no boots)
Stlth   ++........              (no amulet)
HPRegen 0.08/turn               (no ring)
MPRegen 0.08/turn               (no ring)

@: no status effects
A: no striking features
a: no special abilities


You were on level 2 of the Dungeon.
You visited 1 branch of the dungeon, and saw 2 of its levels.

Inventory:

Hand Weapons
 a - a +0 hand axe (weapon)
Armour
 b - a +0 robe (worn)
Scrolls
 d - a scroll of brand weapon {unknown}
 e - a scroll of identify {unknown}
Potions
 c - a potion of mutation {unknown}


   Skills:
 - Level 3.6 Fighting
 - Level 4.0 Axes
 + Level 1.8 Armour
 - Level 2.4 Dodging
 - Level 1.5 Stealth


You had one spell level left.
You didn't know any spells.
Your spell library contained the following spells:

 Spells                   Type           Power      Damage    Failure   Level
 Fulminant Prism          Conj/Hex       0%         3d6       98%         4
 Summon Lightning Spire   Summ/Air       0%         N/A       98%         4
 Summon Hydra             Summ           0%         N/A       100%        7


Dungeon Overview and Level Annotations

Branches:
Dungeon (1/15)

Altars:
Yredelemnul


Message History

You miss the quokka.
You hit the giant cockroach but do no damage.
The giant cockroach misses you. The quokka closely misses you.
The dart slug bites you.
You hit the dart slug but do no damage.
The dart slug is almost dead.
You barely miss the quokka. You hit the giant cockroach.
The giant cockroach bites you. The quokka barely misses you.
The dart slug launches a dart at you. The slug dart hits you.
The giant cockroach bites you. The quokka bites you.
* * * LOW HITPOINT WARNING * * *
You are too injured to fight recklessly!
You are too injured to fight recklessly!
You are too injured to fight recklessly!
You are too injured to fight recklessly!
You are too injured to fight recklessly!
You are too injured to fight recklessly!
You are too injured to fight recklessly!
You are too injured to fight recklessly!
You are too injured to fight recklessly!
You hit the dart slug.
You kill the dart slug!
You hit the giant cockroach but do no damage.
You hit the quokka. The giant cockroach barely misses you.
The quokka barely misses you.
You have reached level 2!
You hit the giant cockroach.
The giant cockroach is severely wounded.
You completely miss the quokka.
The giant cockroach bites you but does no damage.
The quokka bites you.
* * * LOW HITPOINT WARNING * * *
You hit the giant cockroach.
The giant cockroach is almost dead.
You miss the quokka. The giant cockroach bites you.
* * * LOW HITPOINT WARNING * * *
The quokka barely misses you.
The giant cockroach bites you but does no damage.
The quokka bites you.
You die...

####....)....#
.............#
.............#
_...#.......##
.............#
.......<.....#
>.....r†B....#
#...@.....#
#.........#
##.......##
##.....##
#.##### #.#
#.# #.# ...##
#.#


You could see a quokka and a giant cockroach.

Vanquished Creatures
  A dart slug (D:2)
  An endoplasm (D:1)
  A goblin (D:1)
  A quokka (D:1)
  A rat (D:2)
5 creatures vanquished.

Notes
Turn   | Place    | Note
-------+----------+-------------------------------------------
     0 | D:1      | Pin the Hill Orc Monk began the quest for the Orb.
     0 | D:1      | Reached XP level 1. HP: 19/19 MP: 1/1
    67 | D:1      | Found a faded altar of an unknown god.
   115 | D:1      | Reached skill level 1 in Armour
   168 | D:1      | You fall into a shaft and drop 1 floor!
   188 | D:2      | Got the Volume of Creation and Beguiling
   217 | D:2      | Found a basalt altar of Yredelemnul.
   227 | D:2      | Reached XP level 2. HP: 5/26 MP: 2/2
   228 | D:2      | HP: 1/26 [giant cockroach (2)]
   228 | D:2      | Slain by a quokka

Illustrated notes

Levels and vault maps discovered:
D:1:      dpeg_arrival_rooms_with_view, layout_basic,
          shapermc_ecumenical_altar_gd, serial_shops, shop,
          roderic_roman_lattice, amcnicky_mini_rare_corridor_liquid,
          minmay_tetromino_i2
D:2:      minmay_inner_zag, layout_rooms, basic_altar

Skill      XL: |  1 |
---------------+----+-----
Armour         | 1 |  1.8
Fighting       | |  3.6
Axes           | |  4.0
Dodging        | |  2.4
Stealth        | |  1.5

Action                   || total
-------------------------++-------
Melee: Hand axe          ||    16
       Punch             ||     1
 Stab: Sleeping          ||     1
Armor: Robe              ||     2
Dodge: Dodged            ||    14

Table legend: (Time is in decaauts)
 A = Elapsed time spent in this place.
 B = Non-inter-level travel time spent in this place.
 C = Inter-level travel time spent in this place.
 D = Time resting spent in this place.
 E = Time spent auto-exploring this place.
 F = Levels seen in this place.
 G = Mean time per level.
                   A        B        C        D        E       F      G
               +--------+--------+--------+--------+--------+-----+--------+
         Total |    229 |    229 |      0 |      0 |    188 |   2 |  114.5 |
       Dungeon |    229 |    229 |      0 |      0 |    188 |   2 |  114.5 |
               +--------+--------+--------+--------+--------+-----+--------+

Top non-repeatable levels by time:
     D:1: 168 daAuts
     D:2: 60 daAuts
